 Dungeon Crawl Stone Soup version 0.28.0 (webtiles) character file.

Game seed: 6405393061314075416

135230 catcat the Eclecticist (level 17, -8/148 HPs)
             Began as a Djinni Conjurer on Aug 3, 2022.
             Was a High Priest of Ashenzari.
             Mangled by a spark wasp simulacrum (31 damage)
             ... on level 4 of the Spider Nest on Aug 4, 2022.
             The game lasted 01:44:36 (39420 turns).

catcat the Eclecticist (Djinni Conjurer)           Turns: 39420, Time: 01:44:37

Health: -8/148     AC: 17    Str:  6    XL:     17   Next: 77%
Gold:   2346       EV: 10    Int: 28    God:    Ashenzari [*****.] SH: 13 Dex: 13

rFire   + + +      SeeInvis +   G - +5 dagger of Supernal Wisdom {flame, Melee, Self} (curse)
rCold   x . .      Faith    .   q - +2 buckler of the Unveiling Moon {rPois, Fort, Self} (curse)
rNeg    + . .      Spirit   .   W - +2 scale mail of Panopticon {rF+, Self, Fort} (curse)
rPois   ∞          Reflect  +   A - +1 helmet of the Eye in the Sky {Int+3, Fort, Range} (curse)
rElec   +          Harm     .   T - +1 cloak of the Fated Disgust {Will+, Self, Fort} (curse)
rCorr   .          Rampage  .   (no gloves)
Will    ++...      Clarity  +   (boots unavailable)
Stlth   +.........              Q - amulet "Chained Urgency" {Reflect SH+5, Self, Cun} (curse)
HPRegen 0.34/turn               U - ring "Toufiaw" {rElec rN+ MP+9 Int-2}
MPRegen 0.00/turn               E - ring "Ruined Together" {AC+4, Melee, Fort} (curse)

@: corroded, flying
A: sickness immunity, fire resistance 2, cold vulnerability 1, float, innate
caster, HP casting, extra vitality 1
a: Renounce Religion, Curse Item, Shatter the Chains


You were on level 4 of the Spider Nest.
You worshipped Ashenzari.
Ashenzari was extremely pleased with you.
You visited 5 branches of the dungeon, and saw 24 of its levels.
You also visited: Gauntlet and Volcano.

You collected 2705 gold pieces.
You spent 359 gold pieces at shops.

Inventory:

Hand Weapons
 i - a +2 demon whip of flaming
 G - the cursed +5 dagger of Supernal Wisdom (weapon) {flame, Melee, Self}
   (You took it off a wight on level 6 of the Dungeon)

   It burns those it strikes, dealing additional fire damage.
   It has a curse which improves the following skills: Melee Combat: Short
   Blades, Long Blades, Axes, Maces & Flails, Polearms, Staves and Unarmed
   Combat.
   Introspection: Fighting and Spellcasting.
 Z - the +10 war axe "Aseduev" {antimagic, rF- rC+ Will++}
   (You found it on level 7 of the Dungeon)

   It reduces the magical energy of the wielder, and disrupts the spells and
   magical abilities of those it strikes.
   Natural abilities and divine invocations are not affected.
   rF:        It makes you vulnerable to fire.
   rC:        It protects you from cold.
   Will:      It greatly increases your willpower.
Armour
 c - a +0 kite shield
 q - the cursed +2 buckler of the Unveiling Moon (worn) {rPois, Fort, Self}
   (You bought it in a shop on level 4 of the Dungeon)

   It has a curse which improves the following skills: Fortitude: Armour and
   Shields.
   Introspection: Fighting and Spellcasting.
 A - the cursed +1 helmet of the Eye in the Sky (worn) {Int+3, Fort, Range}
   (You found it on level 5 of the Dungeon)

   Int:       It affects your intelligence (+3).
   It has a curse which improves the following skills: Fortitude: Armour and
   Shields.
   Ranged Combat: Slings, Bows, Crossbows and Throwing.
 T - the cursed +1 cloak of the Fated Disgust (worn) {Will+, Self, Fort}
   (You took it off Maurice on level 2 of the Orcish Mines)

   It has a curse which improves the following skills: Introspection: Fighting
   and Spellcasting.
   Fortitude: Armour and Shields.
 W - the cursed +2 scale mail of Panopticon (worn) {rF+, Self, Fort}
   (You found it in a Gauntlet)

   It has a curse which improves the following skills: Introspection: Fighting
   and Spellcasting.
   Fortitude: Armour and Shields.
 Y - a +1 scale mail of cold resistance
Magical Staves
 l - a staff of cold
 y - a staff of earth
Jewellery
 a - a ring of positive energy
 d - a +6 ring of intelligence
 s - a +4 ring of slaying
 C - a ring of wizardry
 E - the cursed ring "Ruined Together" (right hand) {AC+4, Melee, Fort}
   (You found it on level 6 of the Dungeon)

   [ring of protection]

   AC:        It affects your AC (+4).
   It has a curse which improves the following skills: Melee Combat: Short
   Blades, Long Blades, Axes, Maces & Flails, Polearms, Staves and Unarmed
   Combat.
   Fortitude: Armour and Shields.
 L - a ring of ice
 Q - the cursed amulet "Chained Urgency" (around neck) {Reflect SH+5, Self, Cun}
   (You found it on level 8 of the Dungeon)

   [amulet of reflection]

   It reflects blocked missile attacks.
   SH:        It affects your SH (+5).
   It has a curse which improves the following skills: Introspection: Fighting
   and Spellcasting.
   Cunning:   Dodging and Stealth.
 R - a ring of positive energy
 U - the ring "Toufiaw" (left hand) {rElec rN+ MP+9 Int-2}
   (You found it in a Gauntlet)

   [ring of magical power]

   Int:       It affects your intelligence (-2).
   rElec:     It insulates you from electricity.
   rN:        It protects you from negative energy.
   MP:        It affects your magic capacity (+9).
 V - the amulet of Acrih {Reflect *Slow rC+ Str+10 SH+5 SInv}
   (You found it in a Gauntlet)

   [amulet of reflection]

   It reflects blocked missile attacks.
   Str:       It affects your strength (+10).
   rC:        It protects you from cold.
   SInv:      It lets you see invisible.
   *Slow:     It may slow you when you take damage.
   SH:        It affects your SH (+5).
Wands
 H - a wand of iceblast (19)
 K - a wand of acid (4)
 M - a wand of flame (23)
 N - a wand of mindburst (14)
 P - a wand of polymorph (16)
Scrolls
 b - 2 scrolls of brand weapon
 e - 4 scrolls of summoning
 f - 2 scrolls of fear
 g - 2 scrolls of silence
 h - 4 scrolls of enchant weapon
 k - a scroll of torment
 m - 4 scrolls of enchant armour
 o - 4 scrolls of fog
 p - 8 scrolls of vulnerability
 r - 11 scrolls of teleportation
 t - a scroll of holy word
 F - 2 scrolls of blinking
 J - 2 scrolls of magic mapping
 S - 14 scrolls of identify
Potions
 j - 10 potions of curing (quivered)
 n - 4 potions of invisibility
 u - 3 potions of heal wounds
 v - 3 potions of degeneration
 w - 4 potions of cancellation
 x - 3 potions of resistance
 z - 4 potions of haste
 B - 6 potions of mutation
 D - 3 potions of flight
 I - 3 potions of brilliance
 O - 5 potions of might
 X - a potion of ambrosia


   Skills:
 + Level 15.3(21.6) Fighting
 - Level 7.8(14.0) Armour
 - Level 10.0(12.3) Dodging
 - Level 1.5(3.1) Stealth
 - Level 4.0(9.5) Shields
 * Level 19.6(25.7) Spellcasting


You had 21 spell levels left.
You knew the following spells:

 Your Spells              Type           Power      Damage    Failure   Level
a - Magic Dart            Conj           100%       1d8       0%          1
b - Searing Ray           Conj           100%       2d8       0%          2
c - Dazzling Flash        Conj/Hex       100%       N/A       0%          3
d - Fulminant Prism       Conj/Hex       55%        3d25      0%          4
e - Iskenderun's Mystic   Conj/Tloc      100%       2d19      0%          4
f - Slow                  Hex            100%       N/A       0%          1
g - Passwall              Tmut/Erth      91%        N/A       0%          2
h - Confusing Touch       Hex            100%       N/A       0%          3
i - Portal Projectile     Hex/Tloc       100%       N/A       0%          3
j - Lee's Rapid Deconstr  Erth           55%        3d27*     0%          5
k - Iskenderun's Battles  Conj           100%       2d15      0%          5
l - Starburst             Conj/Fire      55%        6d15      1%          6
m - Storm Form            Tmut/Air       55%        N/A       1%          7
Your spell library was empty.

Dungeon Overview and Level Annotations

Branches:
Dungeon (11/15)            Temple (1/1) D:6            Lair (6/6) D:11
 Shoals (0/4) Lair:2       Spider (4/4) Lair:2        Slime (0/5) Lair:5
    Orc (2/2) D:10            Elf (0/3) Orc:2       Volcano (visited)
Gauntlet (visited)

Altars:
Ashenzari
Dithmenos
Elyvilon
Fedhas
Gozag
Hepliaklqana
Kikubaaqudgha
Nemelex Xobeh
Okawaru
Qazlal
Ru
Sif Muna
Trog
Uskayaw
Vehumet
Wu Jian
Xom
Yredelemnul
Zin
Jiyva
Lugonu

Shops:
D:4 **=[!   Orc:2 =*(*

Portals:
Pandemonium: Orc:2

Annotations:
Lair:2 2 transporters, Reubyar's ghost, journeyman MiBe
Lair:3 2 transporters


Innate Abilities, Weirdness & Mutations

You are immune to sickness and miasma.
You are immune to poison.
Your flesh is very heat resistant. (rF++)
You are vulnerable to cold. (rC-)
You float through the air rather than walking.
You learn spells naturally, not from books.
Your magical power is your life essence.
You have superior vitality. (+4 MHP)


Message History

The entropy weaver is severely wounded.
The entropy weaver is knocked back by the mystic blast.
The mystic blast hits the pharaoh ant!
You destroy the pharaoh ant!
The pharaoh ant binds the souls of nearby monsters.
The mystic blast hits the jumping spider!
The jumping spider is severely wounded.
The jumping spider is knocked back by the mystic blast.
The jumping spider collides with the spark wasp!
You kill the spark wasp!
You kill the jumping spider!
A freezing mist starts to gather... x2
A jumping spider simulacrum and a spark wasp simulacrum come into view.
A culicivora comes into view.
Casting: Iskenderun's Mystic Blast (safe; 0% risk of failure)
Confirm with . or Enter, or press ? or * to list all spells.
Casting: Starburst (safe; 1% risk of failure)
Press: ? - help, Dir - look around, f - activate The bolt of fire hits the entropy weaver!!!
You kill the entropy weaver!
The bolt of fire hits the orb spider!!!
You kill the orb spider!
A freezing mist starts to gather... x2
An orb spider simulacrum and an entropy weaver simulacrum come into view.
The jumping spider simulacrum is caught in a web!
Casting: Starburst (safe; 1% risk of failure)
Confirm with . or Enter, or press ? or * to list all spells.
Aiming: Fulminant Prism (safe; 0% risk of failure)
Press: ? - help, Dir - move target You conjure a prism of explosive energy!
A fulminant prism comes into view.
The jumping spider simulacrum struggles to get unstuck from the web.
The jumping spider simulacrum struggles to get unstuck from the web.
The spark wasp simulacrum hits you! The spark wasp simulacrum freezes you!!
You feel a terrible chill!
* * * LOW HITPOINT WARNING * * *
The culicivora bites your fulminant prism!
The spark wasp simulacrum hits you.
* * * LOW HITPOINT WARNING * * *
The spark wasp simulacrum freezes you!!
You feel a terrible chill!
You die...

*,,,,,,,,,,,,,,,,,##...........
***≈,,,,,,,,,,,{,,≈{#.^^≈^.......
*,,,^,,,,,,,,,^,≈≈,*########^^^.^
≈^,,,,,.≈{,,,########^.^≈)....###
,,,,,^^^^#####...≈.^......†..^.^.
,,,,,^*#≈.†..^Z....#.............
,,^,,^≈....................^...†.
,,,,,,,......†.ZZ..#^............
,,,,,,,...Z.s*†s@....≈^..^.......
,,,,,,,...†^...s†^≈.########≈^...
,,,,,,,≈^.##......####≈.^...^^###
,,,^,,,**,○##^≈.###^^##..........
,,,,,,^,,^,.#####{^.,.##.........
,,,,,,,,,,,≈.{.^^^.,,s.#.........
≈,^,,,,,,,,,,,,{^,,,,.s##........
*,,,,,,,,,,,,,,,,{,,,...#........
****,,,^,,,,,,,,,{,,,,..#.^....^.


You could see 2 emperor scorpions, a culicivora, a jumping spider simulacrum
(webbed), an orb spider simulacrum, an entropy weaver simulacrum, a spark wasp
simulacrum and a friendly fulminant prism.

Vanquished Creatures
  Arachne (Spider:3)
  Gastronok (D:9)
  An emperor scorpion (Spider:4)
  4 ghost moths
  Aizul (Spider:3)
  4 broodmothers
  5 entropy weavers
  3 spark wasps
  A minotaur (Gauntlet)
  9 hydras
  6 boulder beetles
  2 catoblepae
  2 jorogumos
  A tengu warrior (D:11)
  2 demonspawn (Orc:2)
  7 two-headed ogres
  5 death yaks (Lair:3)
  5 orc high priests (Orc:2)
  Nergalle (D:11)
  A soul eater (Orc:2)
  A fire crab (Volcano)
  2 sun moths
  8 pharaoh ants
  5 steelbarb worms
  10 orb spiders
  4 lindwurms
  4 orc knights (Orc:2)
  8 orc sorcerers
  An ugly thing (D:7)
  2 cyclopes
  14 wolf spiders
  Joseph (D:8)
  Maurice (Orc:2)
  An oklob plant (Lair:6)
  An elephant (Lair:6)
  A merfolk siren (Lair:2)
  2 rust devils (Gauntlet)
  5 black mambas
  An orange demon (Orc:2)
  2 torpor snails
  10 cane toads
  7 demonic crawlers
  2 gargoyles
  An unseen horror (D:11)
  2 ice devils (Orc:2)
  3 rime drakes
  8 komodo dragons
  4 kobold demonologists
  3 trolls
  10 meliai
  6 polar bears
  6 hornets
  21 dream sheep
  22 tarantellas
  8 blink frogs
  14 culicivoras
  23 jumping spiders
  2 shadows
  7 wyverns
  A wraith (D:7)
  2 ynoxinuls (Gauntlet)
  49 yaks
  13 spriggans (Lair:6)
  7 fire bats (Volcano)
  5 basilisks
  2 steam dragons (Volcano)
  Grum (D:9)
  40 redbacks
  2 wargs
  3 acid dragons (D:10)
  13 water moccasins
  A hell hound (Volcano)
  3 ice beasts
  A hornet zombie (D:7)
  A swamp drake (D:11)
  25 orc warriors
  8 black bears
  8 centaurs
  7 ogres
  29 wolves
  4 boggarts (Lair:6)
  The ghost of Jethros the Conjurer, an amateur DECj (D:3)
  5 kobold brigands
  9 bullfrogs
  A gnoll sergeant (D:6)
  A water moccasin zombie (D:5)
  8 wights
  4 killer bees
  8 howler monkeys
  2 electric eels (Lair:3)
  2 centaur zombies
  8 crimson imps (D:7)
  A bullfrog zombie (D:6)
  5 hounds
  2 jellies (D:7)
  A gnoll shaman (D:8)
  27 orc priests
  2 bullfrog skeletons (D:7)
  6 iron imps (Gauntlet)
  3 centaur skeletons
  2 iguanas
  25 orc wizards
  A killer bee zombie (D:8)
  A hound skeleton (D:4)
  Robin (D:3)
  8 gnolls
  10 adders
  A shadow imp (D:7)
  2 white imps (D:7)
  3 adder skeletons (D:4)
  A worm (D:5)
  4 dart slugs
  57 orcs
  7 ball pythons
  5 endoplasms
  4 giant cockroaches
  20 goblins
  13 hobgoblins
  9 jackals
  3 quokkas
  4 bats
  A frilled lizard (D:3)
  18 kobolds
  6 rats
  A fulminant prism (D:10)
823 creatures vanquished.

Vanquished Creatures (others)
  A ghost moth (Spider:4)
  A boulder beetle (Spider:2)
  A culicivora (Spider:4)
  A spriggan (Lair:6)
  9 demonic plants (D:11)
  54 fulminant prisms
  20 fungi
  31 plants
118 creatures vanquished.

Grand Total: 941 creatures vanquished

Notes
Turn   | Place    | Note
-------+----------+-------------------------------------------
     0 | D:1      | catcat the Djinni Conjurer began the quest for the Orb.
     0 | D:1      | Reached XP level 1. HP: 15/15 MP: 0/0
   378 | D:1      | Reached XP level 2. HP: 20/22 MP: 0/0
   421 | D:1      | Found a faded altar of an unknown god.
   668 | D:1      | Reached skill level 1 in Fighting
   893 | D:1      | Reached XP level 3. HP: 22/27 MP: 0/0
   893 | D:1      | Learned a level 1 spell: Slow
  1662 | D:2      | Reached XP level 4. HP: 30/32 MP: 0/0
  1752 | D:2      | Found a hide-covered altar of Uskayaw.
  1765 | D:2      | Reached skill level 4 in Spellcasting
  2807 | D:3      | Reached XP level 5. HP: 28/38 MP: 0/0
  2807 | D:3      | Learned a level 2 spell: Passwall
  2900 | D:3      | Noticed an orc warrior
  3033 | D:3      | Noticed an ogre
  3043 | D:3      | Killed an ogre
  3236 | D:3      | Reached XP level 6. HP: 42/45 MP: 0/0
  3297 | D:3      | Found a large runed translucent door.
  3297 | D:3      | Found a large runed translucent door.
  3299 | D:3      | Noticed Jethros's ghost (amateur DECj)
  3309 | D:3      | Killed Jethros's ghost
  3310 | D:3      | Reached skill level 5 in Spellcasting
  3617 | D:3      | Found a white marble altar of Elyvilon.
  4141 | D:3      | Noticed Robin
  4151 | D:3      | Killed Robin
  4419 | D:3      | Killed an orc warrior
  4420 | D:3      | Reached XP level 7. HP: 22/50 MP: 0/0
  4420 | D:3      | Learned a level 3 spell: Confusing Touch
  4819 | D:4      | Found Vuavvou's Assorted Antiques.
  4954 | D:4      | Found Oquq's Jewellery Shop.
  4967 | D:4      | Found Hyeps's Antique Armour Emporium.
  4973 | D:4      | Bought a glowing buckler for 135 gold pieces
  5319 | D:4      | Found Ubayq's Distillery.
  5436 | D:4      | Reached skill level 1 in Shields
  5582 | D:4      | Found a stormy altar of Qazlal.
  5797 | D:4      | Found Puideuph's Assorted Antiques.
  5921 | D:5      | Entered Level 5 of the Dungeon
  5984 | D:5      | Noticed a yak
  6070 | D:5      | Identified the +1 helmet "Yqoawef" {Int+3}
  6141 | D:5      | Found a hazy altar of Hepliaklqana.
  6171 | D:5      | Noticed a water moccasin
  6179 | D:5      | Killed a water moccasin
  6180 | D:5      | Reached skill level 6 in Spellcasting
  6272 | D:5      | Reached XP level 8. HP: 40/56 MP: 0/0
  6531 | D:5      | Noticed a yak
  7265 | D:6      | Reached skill level 7 in Spellcasting
  7923 | D:6      | Found a staircase to the Ecumenical Temple.
  7935 | D:6      | Noticed a yak
  7936 | D:6      | Noticed a yak
  7936 | D:6      | Noticed a yak
  7936 | D:6      | Noticed a yak
  7937 | D:6      | Noticed a yak
  7937 | D:6      | Noticed a yak
  7999 | D:6      | Killed a yak
  8000 | D:6      | Reached XP level 9. HP: 43/60 MP: 0/0
  8000 | D:6      | Learned a level 3 spell: Portal Projectile
  8149 | D:6      | Reached skill level 8 in Spellcasting
  8224 | Temple   | Entered the Ecumenical Temple
  8374 | Temple   | Became a worshipper of Ashenzari the Shackled
  8785 | D:7      | Noticed a troll
  8791 | D:7      | Killed a troll
  8792 | D:7      | Reached skill level 5 in Fighting
  9158 | D:7      | Reached XP level 10. HP: 67/70 MP: 0/0
  9188 | D:7      | Reached skill level 9 in Spellcasting
  9548 | D:7      | Found a runed translucent door.
  9548 | D:7      | Noticed a two-headed ogre
  9548 | D:7      | Noticed a two-headed ogre
  9550 | D:7      | Noticed a boulder beetle
  9749 | D:7      | Found an iron altar of Okawaru.
  9749 | D:7      | Found a bloodstained altar of Trog.
 10521 | D:8      | Noticed Joseph
 10539 | D:8      | Killed Joseph
 10540 | D:8      | Reached skill level 10 in Spellcasting
 11145 | D:9      | Reached * piety under Ashenzari
 11485 | D:9      | Noticed Grum
 11520 | D:9      | Killed Grum
 11521 | D:9      | Reached XP level 11. HP: 19/81 MP: 0/0
 11521 | D:9      | Learned a level 5 spell: Lee's Rapid Deconstruction
 11743 | D:9      | Noticed Gastronok
 12139 | D:9      | Killed Gastronok
 12140 | D:9      | Reached skill level 11 in Spellcasting
 12416 | D:9      | Identified the +9 hunting sling "Dragon's Tongue" {vorpal,
                  | Str+9}
 12416 | D:9      | Identified the +10 war axe "Aseduev" {antimagic, rF- rC+
                  | Will++}
 12729 | D:10     | Entered Level 10 of the Dungeon
 12746 | D:10     | Reached skill level 5 in Dodging
 13227 | D:10     | Identified the +10 hunting sling of Xuwoesip {freeze, rN+
                  | Int+2}
 13664 | D:10     | Noticed a two-headed ogre
 13664 | D:10     | Found a staircase to the Orcish Mines.
 13669 | D:10     | Killed a two-headed ogre
 13767 | D:10     | Reached skill level 12 in Spellcasting
 13929 | D:10     | Noticed a sixfirhy
 14341 | D:10     | Reached ** piety under Ashenzari
 14725 | D:7      | Identified the +10 quarterstaff "Koqoidoize" {spect, rElec}
 14767 | D:7      | Found a sacrificial altar of Ru.
 15377 | D:7      | Reached XP level 12. HP: 86/90 MP: 0/0
 15709 | D:7      | Killed a two-headed ogre
 15756 | D:7      | Noticed a two-headed ogre
 15759 | D:7      | Killed a two-headed ogre
 15770 | D:7      | Killed a two-headed ogre
 15898 | D:7      | Noticed a boulder beetle
 16328 | D:11     | Noticed a tengu warrior
 16329 | D:11     | Found a gate leading to a gauntlet.
 16341 | D:11     | Killed a tengu warrior
 16426 | Gauntlet | Entered a Gauntlet
 16426 | Gauntlet | Found a transporter.
 16426 | Gauntlet | Found a transporter.
 16426 | Gauntlet | Found a transporter.
 16427 | Gauntlet | Found a transporter.
 16427 | Gauntlet | Noticed a death scarab
 16428 | Gauntlet | Found a transporter.
 16448 | Gauntlet | Reached skill level 13 in Spellcasting
 16553 | Gauntlet | Found a transporter.
 16558 | Gauntlet | Found the +6 lightning scales {swift, rElec}
 16564 | Gauntlet | Found a transporter.
 16564 | Gauntlet | Found a transporter.
 16565 | Gauntlet | Identified Lylarchye's Disquisition on Unholy Magic
 16661 | Gauntlet | Noticed an entropy weaver
 16663 | Gauntlet | Found a transporter.
 16669 | Gauntlet | Killed an entropy weaver
 16781 | Gauntlet | Noticed a minotaur
 16868 | Gauntlet | Killed a minotaur
 17123 | Gauntlet | Identified the ring "Toufiaw" {rElec rN+ MP+9 Int-2}
 17123 | Gauntlet | Identified the amulet of Acrih {Reflect *Slow rC+ Str+10
                  | SH+5 SInv}
 17337 | D:11     | Noticed a two-headed ogre
 17342 | D:11     | Killed a two-headed ogre
 17343 | D:11     | Reached skill level 1 in Armour
 17579 | D:11     | Noticed a sixfirhy
 17584 | D:11     | Noticed a sun demon
 17662 | D:11     | Found a corrupted altar of Lugonu.
 17694 | D:11     | Reached XP level 13. HP: 88/96 MP: 0/0
 17694 | D:11     | Learned a level 5 spell: Iskenderun's Battlesphere
 18055 | D:11     | Noticed a five-headed hydra
 18060 | D:11     | Killed a five-headed hydra
 18482 | D:11     | Noticed Nergalle
 18491 | D:11     | Reached skill level 14 in Spellcasting
 18492 | D:11     | Killed Nergalle
 19059 | D:11     | Found a staircase to the Lair.
 19464 | D:7      | Killed a boulder beetle
 19465 | D:7      | Reached skill level 10 in Fighting
 19716 | D:7      | Killed a boulder beetle
 19788 | D:7      | Identified the +10 war axe "Aseduev" {antimagic, rF- rC+
                  | Will++}
 19789 | D:7      | Identified the Handbook of the Mountains and the Entourage
 19791 | D:7      | Found a runed translucent door.
 19794 | D:7      | Identified the +1 hat "Ohan" {Str+3}
 20191 | Lair:1   | Entered Level 1 of the Lair of Beasts
 20256 | Lair:1   | Noticed a four-headed hydra
 20266 | Lair:1   | Killed a four-headed hydra
 20745 | Lair:1   | Noticed a four-headed hydra
 20748 | Lair:1   | Killed a four-headed hydra
 21149 | Lair:1   | Identified the +3 ring mail of Claustrophobia {rElec}
 21675 | Lair:2   | Found a hole to the Spider Nest.
 22084 | Lair:2   | Reached skill level 15 in Spellcasting
 22239 | Lair:2   | Found a transporter.
 22240 | Lair:2   | Reached *** piety under Ashenzari
 22246 | Lair:2   | Found a bloodstained altar of Trog.
 22246 | Lair:2   | Identified a scroll of acquirement
 22257 | Lair:2   | Noticed Reubyar's ghost (journeyman MiBe)
 22351 | Lair:2   | Found a transporter.
 22360 | Lair:2   | Noticed a four-headed hydra
 22362 | Lair:2   | Reached XP level 14. HP: 97/111 MP: 0/0
 22856 | Lair:2   | Found a staircase to the Shoals.
 23203 | Lair:3   | Identified the +5 whip of Eternal Harmony {freeze, +Blink
                  | rF+++ MP-9 Int-2}
 23914 | Lair:3   | Found a transporter.
 23916 | Lair:3   | Found a transporter.
 24368 | Lair:4   | Found a dark tunnel.
 24377 | Volcano  | Entered a volcano
 24818 | Lair:4   | Reached skill level 16 in Spellcasting
 24820 | Lair:4   | Reached skill level 5 in Armour
 25744 | Lair:5   | Identified the +1 chain mail "Yciejof" {Rampage Dex+4}
 26370 | Lair:5   | Found a viscous altar of Jiyva.
 26370 | Lair:5   | Found a staircase to the Slime Pits.
 26418 | Lair:6   | Entered Level 6 of the Lair of Beasts
 26443 | Lair:6   | Reached XP level 15. HP: 54/118 MP: 0/0
 26443 | Lair:6   | Learned a level 6 spell: Starburst
 27880 | Lair:6   | Reached skill level 17 in Spellcasting
 29313 | Orc:1    | Entered Level 1 of the Orcish Mines
 29905 | Orc:2    | Entered Level 2 of the Orcish Mines
 30077 | Orc:2    | Found a staircase to the Elven Halls.
 30366 | Orc:1    | Reached **** piety under Ashenzari
 30510 | Orc:2    | Noticed Maurice
 30542 | Orc:2    | Killed Maurice
 30870 | Orc:2    | Found Heopnuog's General Store.
 30871 | Orc:2    | Found Gehup Kash's General Store.
 31310 | Orc:2    | Paralysed by an orc sorcerer for 2 turns
 31475 | Orc:2    | Reached XP level 16. HP: 101/131 MP: 0/0
 31730 | Orc:2    | Found a one-way gate leading to the halls of Pandemonium.
 31732 | Orc:2    | Found Qivin's Jewellery Emporium.
 31795 | Orc:2    | Found Ynav's Antique Weapon Shoppe.
 32356 | Orc:2    | Bought a +1 scale mail of cold resistance for 224 gold
                  | pieces
 32541 | Spider:1 | Entered Level 1 of the Spider Nest
 33121 | Spider:1 | Reached skill level 18 in Spellcasting
 35592 | Spider:2 | Reached ***** piety under Ashenzari
 36629 | Spider:3 | Noticed Aizul
 36641 | Spider:3 | Killed Aizul
 36943 | Spider:3 | Reached XP level 17. HP: 139/145 MP: 0/0
 36943 | Spider:3 | Learned a level 7 spell: Storm Form
 36995 | Spider:3 | Identified the cursed +5 dagger of Supernal Wisdom {flame,
                  | Melee, Self} (You took it off a wight on level 6 of the
                  | Dungeon)
 36995 | Spider:3 | Identified the cursed +1 cloak of the Fated Disgust {Will+,
                  | Self, Fort} (You took it off Maurice on level 2 of the
                  | Orcish Mines)
 36995 | Spider:3 | Identified the cursed +2 buckler of the Unveiling Moon
                  | {rPois, Fort, Self} (You bought it in a shop on level 4 of
                  | the Dungeon)
 36995 | Spider:3 | Identified the cursed +2 scale mail of Panopticon {rF+,
                  | Self, Fort} (You found it in a Gauntlet)
 37387 | Spider:3 | Noticed Arachne
 37394 | Spider:3 | Killed Arachne
 37403 | Spider:3 | Reached skill level 19 in Spellcasting
 38043 | Spider:4 | Entered Level 4 of the Spider Nest
 38122 | Spider:4 | Reached skill level 15 in Fighting
 39036 | Spider:4 | Identified the +5 falchion of Destruction {venom, Fragile
                  | rPois rCorr Dex+8 SInv}
 39331 | Spider:4 | Reached skill level 10 in Dodging
 39420 | Spider:4 | Mangled by a spark wasp simulacrum

Illustrated notes

Levels and vault maps discovered:
D:1:      nzn_arrival_depleted_hourglass, layout_basic,
          hellmonk_ecumenical_altar_lost_god
D:2:      layout_basic, basic_altar, kennysheep_generic_room_3
D:3:      kennysheep_goblin_castle, layout_loops_ring,
          mainiacjoe_overflow_brackets, ebering_ghost_disaster_area,
          minmay_quadrilaterals
D:4:      layout_loops_ring, grunt_qazlal_clouds, serial_shops,
          nicolae_shop_overgrown_old_shop, nicolae_shop_statue_plus, shop,
          nicolae_inconvenience_store, nicolae_stop_n_shop_2,
          kennysheep_generic_room_10
D:5:      layout_gridville, mainiacjoe_overflow_alcove_2,
          kennysheep_generic_room_6
D:6:      layout_loops_ring, minmay_temple_entry_antechambers
D:7:      minmay_the_grid_triangle_9x9_rhombus_full
          [minmay_the_grid_triangle_9x9_wacky_v,
          minmay_the_grid_triangle_9x9_negative_grid,
          minmay_the_grid_triangle_9x9_sparse_checkered,
          minmay_the_grid_triangle_9x9_swiss_cheese,
          minmay_the_grid_triangle_9x9_odd_lines,
          minmay_the_grid_triangle_9x9_tough_junction,
          minmay_the_grid_triangle_9x9_pentomino_pain,
          minmay_the_grid_triangle_9x9_prize_center], layout_loops_cross,
          nicolae_kikubaaqudgha_miasma_corner,
          nicolae_ru_great_annihilating_truth, grunt_temple_overflow_bloody_war,
          minivault_5, minmay_nine_imps
D:8:      layout_loops_ring, vehumet_altar_wand_db, uniq_joseph
D:9:      layout_stronghold, uniq_gastronok, uniq_grum
D:10:     minmay_weird_star, layout_basic, orc_0_dummy
D:11:     kennysheep_kobold_lugonu_temple, layout_layer_cave, erik_lair_dragon,
          gauntlet_entry_generic, minmay_fractal_squares_gapless_5,
          uniq_nergalle
Temple:   dpeg_chambers_temple
Lair:1:   layout_regular_city, nicolae_lair_lindhole, serial_bayou_shore_b,
          grunt_megastairs_5
Lair:2:   layout_cave_pods, minmay_shoals_entry_lonely_mermaid,
          hellmonk_spider_entry_not_the_bees, gammafunk_ghost_wrathful_warriors
Lair:3:   gammafunk_boulding_lane, layout_hall_layers,
          small_statue_intersection, gammafunk_lair_bear_cave,
          infiniplex_staircase_pool
Lair:4:   layout_hall_layers, nicolae_volcano_entry_two_sided,
          serial_bayou_shore_a
Lair:5:   layout_concentric_octagons, dpeg_slime_entry_enclosed_altar
Lair:6:   minmay_lair_end_enchanted_forest, layout_gridlike, evilmike_ambush
          [evilmike_ambush_outer_basic, evilmike_ambush_inner_basic]
Spider:1: layout_chambers
Spider:2: layout_chambers, hangedman_stitches_earthworm
Spider:3: layout_spider_delve, uniq_aizul, uniq_arachne
Spider:4: grunt_spider_rune_parallel
Orc:1:    layout_caves
Orc:2:    pf_orc_diabolical, layout_caves, uniq_maurice

Skill      XL: |  1  2  3  4  5  6  7  8  9 10 11 12 13 14 15 16 17 |
---------------+----------------------------------------------------+-----
Fighting       | 1 2 3 5 7 8 11 13 14 15 | 15.3
Spellcasting   | 4 5 6 7 8 10 12 13 15 16 17 18 19 | 19.6
Dodging        | 3 5 7 8 9 10 | 10.0
Shields        | 2 4 |  4.0
Armour         | 1 2 6 7 |  7.8
Stealth        | |  1.5

Action                   |  1- 3 |  4- 6 |  7- 9 | 10-12 | 13-15 | 16-18 || total
-------------------------+-------+-------+-------+-------+-------+-------++-------
Melee: Dagger            |       |       |       |     1 |       |       ||     1
       Unarmed           |       |       |       |       |       |     6 ||     6
 Cast: Magic Dart        |    24 |    17 |    20 |    23 |   210 |    98 ||   392
       Searing Ray       |    14 |    39 |    55 |    82 |   116 |    63 ||   369
       Iskenderun's Myst |       |     5 |    26 |   109 |   148 |   101 ||   389
       Fulminant Prism   |       |     2 |     4 |    33 |    12 |     6 ||    57
       Passwall          |       |       |     1 |     1 |     1 |       ||     3
       Lee's Rapid Decon |       |       |       |     1 |       |       ||     1
       Iskenderun's Batt |       |       |       |       |    94 |    49 ||   143
       Dazzling Flash    |       |       |       |       |     5 |     2 ||     7
       Starburst         |       |       |       |       |    14 |    58 ||    72
       Storm Form        |       |       |       |       |       |     1 ||     1
Invok: Curse Item        |       |       |       |     3 |     3 |     1 ||     7
  Use: Scroll            |       |     1 |     1 |     9 |     1 |     2 ||    14
       Potion            |       |       |       |       |       |     2 ||     2
Armor: Robe              |       |     1 |    13 |    10 |       |       ||    24
       Scale mail        |       |       |       |     6 |    27 |    27 ||    60
       Chain mail        |       |       |       |       |     8 |       ||     8
       Skin              |       |       |       |       |       |     3 ||     3
Dodge: Dodged            |     4 |    16 |    12 |    27 |    16 |    35 ||   110
Block: Buckler           |       |       |     7 |    42 |    42 |    44 ||   135
       Reflection        |       |       |       |    14 |     6 |     1 ||    21
       Other             |       |       |       |       |       |     2 ||     2
